 Dungeon Crawl Stone Soup version 0.30-a0-591-g3c58d2bc28 (webtiles) character file.

Game seed: 15227849308409636243

2095 bmack86 the Cleaver (level 9, -4/78 HPs)
             Began as a Minotaur Fighter on Jan 5, 2023.
             Was a Believer of Okawaru.
             Killed from afar by an electric eel (7 damage)
             ... with a bolt of electricity
             ... on level 7 of the Dungeon.
             The game lasted 00:24:14 (6758 turns).

bmack86 the Cleaver (Minotaur Fighter)              Turns: 6758, Time: 00:24:14

Health: -4/78      AC: 15    Str: 25    XL:     9   Next: 7%
Magic:  10/10      EV: 28    Int:  5    God:    Okawaru [**....]
Gold:   322        SH:  5    Dex: 10    Spells: 8/8 levels left

rFire   . . .      SeeInvis .    a - +1 war axe
rCold   . . .      Faith    .    c - +0 buckler
rNeg    . . .      Spirit   .    w - +0 chain mail
rPois   .          Reflect  .    (helmet restricted)
rElec   .          Harm     .    C - +0 cloak
rCorr   .          Rampage  .    (no gloves)
Will    .....                    (no boots) Stlth
                                 v - amulet of the acrobat
HPRegen 0.33/turn                E - +5 ring of evasion
MPRegen 0.12/turn                i - +4 ring of protection

@: acrobatic, invisible
A: horns 2, retaliatory headbutt
a: Renounce Religion, Heroism


You were on level 7 of the Dungeon.
You worshipped Okawaru.
Okawaru was pleased with you.
You visited 2 branches of the dungeon, and saw 8 of its levels.
You also visited: Sewer.

You collected 322 gold pieces.

Inventory:

Hand Weapons
 a - a +1 war axe (weapon)
Missiles
 u - 12 boomerangs (quivered)
Armour
 b - a +0 scale mail
 c - a +0 buckler (worn)
 w - a +0 chain mail (worn)
 C - a +0 cloak (worn)
Jewellery
 h - a ring of protection from fire
 i - a +4 ring of protection (right hand)
 l - an amulet of guardian spirit
 t - a ring of flight
 v - an amulet of the acrobat (around neck)
 D - a ring of magical power
 E - a +5 ring of evasion (left hand)
Scrolls
 e - 4 scrolls of poison
 f - a scroll of enchant weapon
 o - a scroll of magic mapping {unknown}
 p - a scroll of summoning
 r - 2 scrolls of enchant armour {unknown}
 x - a scroll of noise {unknown}
 y - 2 scrolls of fear
 z - 2 scrolls of vulnerability {unknown}
 A - a scroll of brand weapon {unknown}
 B - 2 scrolls of teleportation {unknown}
Potions
 d - 2 potions of might
 g - a potion of invisibility
 j - 5 potions of curing
 k - 2 potions of attraction
 m - 3 potions of brilliance
 n - a potion of lignification
 q - 2 potions of magic
 s - a potion of resistance
 F - 2 potions of flight


   Skills:
 + Level 6.6 Fighting
 * Level 8.3 Axes
 + Level 3.8 Throwing
 + Level 6.8 Armour
 + Level 6.6 Shields
 + Level 3.5 Invocations


You had 8 spell levels left.
You didn't know any spells.
Your spell library contained the following spells:

 Spells                   Type           Power      Damage    Failure   Level
 Apportation              Tloc           0%         N/A       98%         1
 Alistair's Intoxication  Tmut/Pois      0%         N/A       100%        5


Dungeon Overview and Level Annotations

Branches:
Dungeon (7/15)             Temple (1/1) D:4           Sewer (visited)

Altars:
Ashenzari
Elyvilon
Fedhas
Gozag
Kikubaaqudgha
Makhleb
Nemelex Xobeh
Okawaru
Qazlal
Ru
Sif Muna
Trog
Uskayaw
Vehumet
Wu Jian
Xom
Yredelemnul
The Shining One


Innate Abilities, Weirdness & Mutations

You have a pair of horns on your head.
You reflexively headbutt those who attack you in melee.


Message History

You see here a +0 ring mail.
The electric eel shoots out a bolt of lightning at you!
The bolt of electricity hits you.
The electric eel shoots out a bolt of lightning at you!
The bolt of electricity hits you!
The electric eel shoots out a bolt of lightning at you!
The bolt of electricity hits you!
The electric eel shoots out a bolt of lightning at you!
The bolt of electricity hits you!
The electric eel shoots out a bolt of lightning at you!
The bolt of electricity misses you.
The electric eel shoots out a bolt of lightning at you!
The bolt of electricity misses you. The bolt of electricity hits you!
The electric eel shoots out a bolt of lightning at you!
The bolt of electricity misses you.
The electric eel shoots out a bolt of lightning at you!
The bolt of electricity hits you! x2
* * * LOW HITPOINT WARNING * * *
The electric eel shoots out a bolt of lightning at you!
The bolt of electricity misses you.
The electric eel shoots out a bolt of lightning at you!
The bolt of electricity misses you.
The electric eel shoots out a bolt of lightning at you!
The bolt of electricity hits you!
* * * LOW HITPOINT WARNING * * *
The bolt of electricity hits the electric eel.
The electric eel completely resists.
You fade into invisibility!
The electric eel shoots out a bolt of lightning at you!
The bolt of electricity hits the electric eel.
The electric eel completely resists.
The bolt of electricity hits you!
* * * LOW HITPOINT WARNING * * *
The electric eel shoots out a bolt of lightning at the electric eel!
The bolt of electricity hits the electric eel.
The electric eel completely resists.
The bolt of electricity hits the electric eel.
The electric eel completely resists.
The electric eel shoots out a bolt of lightning at you!
The bolt of electricity hits you!
You die...

###...# #.##..#.#
#....## ≈.SS....#
###.###.#≈~~≈~~.#.#
#...##≈~≈≈≈~~≈≈~~..
#.#.##≈#≈~...≈~~≈~.
#..#.≈≈≈≈~(.~.~##~.
##.#≈≈≈#≈≈~.~#~≈≈~~
##.~≈≈≈≈~~~!~~≈≈~~~
#.@S≈≈~~~~...≈≈≈~≈~
#...S~~≈≈~$<.~≈~~≈~
#..~S~≈~~≈...~~~#~≈
##.~~≈≈~≈≈#.~~≈≈≈≈≈
#..#≈≈≈≈~~.:~≈≈≈#≈
#...≈≈#≈~$..~~≈≈~.
#..#≈≈≈≈≈#..≈≈≈≈≈#
#..##≈~~≈≈~~≈≈≈~##
###.###.≈≈≈#≈≈S.###


You could see 3 electric eels.

Vanquished Creatures
  2 steam dragons (D:7)
  A black bear (D:6)
  An ogre (D:7)
  2 centaurs
  A kobold brigand (D:7)
  A phantom (D:5)
  2 bullfrogs
  6 scorpions
  A vampire bat (D:5)
  A howler monkey (D:7)
  A gnoll bouda (D:4)
  4 hounds
  An orc priest (D:4)
  4 orc wizards
  7 iguanas
  A hell rat (Sewer)
  Ijyb (D:4)
  5 adders
  5 gnolls (D:4)
  4 river rats (Sewer)
  A shadow imp (D:5)
  A white imp (D:6)
  2 worms (D:2)
  11 dart slugs
  11 orcs
  A bat skeleton (D:5)
  3 bat zombies (D:5)
  4 endoplasms
  12 giant cockroaches
  5 goblins
  5 hobgoblins
  5 jackals
  15 kobolds
  9 quokkas
  6 ball pythons
  4 bats
  4 frilled lizards
  9 rats
159 creatures vanquished.

Notes
Turn   | Place    | Note
-------+----------+-------------------------------------------
     0 | D:1      | bmack86 the Minotaur Fighter began the quest for the Orb.
     0 | D:1      | Reached XP level 1. HP: 19/19 MP: 0/0
   274 | D:1      | Reached XP level 2. HP: 27/27 MP: 1/1
   364 | D:1      | Reached skill level 3 in Axes
   808 | D:2      | Reached XP level 3. HP: 33/33 MP: 2/2
   823 | D:2      | Identified the +0 leather armour "Damnable Contraption"
                  | {rF- Str+10 SInv Stlth+}
  1548 | D:2      | Reached XP level 4. HP: 40/40 MP: 3/3
  1761 | D:3      | Found a faded altar of an unknown god.
  2129 | D:3      | Reached skill level 4 in Axes
  2779 | D:4      | Found a glowing drain.
  2802 | Sewer    | Entered a sewer
  2852 | Sewer    | Reached XP level 5. HP: 41/47 MP: 4/4
  3128 | D:4      | Found a staircase to the Ecumenical Temple.
  3139 | Temple   | Entered the Ecumenical Temple
  3156 | Temple   | Became a worshipper of Warmaster Okawaru
  3315 | D:4      | Reached skill level 5 in Axes
  3441 | D:4      | Reached XP level 6. HP: 33/55 MP: 5/5
  3443 | D:4      | Reached skill level 1 in Throwing
  3784 | D:4      | Noticed Ijyb
  4107 | D:4      | Killed Ijyb
  4301 | D:4      | Reached skill level 5 in Armour
  4304 | D:4      | Reached skill level 5 in Fighting
  4308 | D:4      | Reached skill level 5 in Shields
  4660 | D:5      | Entered Level 5 of the Dungeon
  4683 | D:4      | Reached skill level 1 in Invocations
  4744 | D:5      | Reached XP level 7. HP: 61/61 MP: 6/6
  4783 | D:5      | Found a blossoming altar of Fedhas.
  4800 | D:5      | Reached * piety under Okawaru
  4801 | D:5      | Reached skill level 6 in Axes
  5137 | D:5      | Found an ancient bone altar of Kikubaaqudgha.
  5411 | D:6      | Reached XP level 8. HP: 58/70 MP: 8/8
  5531 | D:6      | Reached skill level 7 in Axes
  5757 | D:6      | Reached ** piety under Okawaru
  6148 | D:7      | Found a radiant altar of Vehumet.
  6370 | D:7      | Reached skill level 8 in Axes
  6491 | D:7      | Found a sparkling altar of Nemelex Xobeh.
  6583 | D:7      | Noticed a +0 dagger
  6584 | D:7      | Noticed a +0 dagger
  6593 | D:7      | Reached XP level 9. HP: 72/78 MP: 7/10
  6593 | D:7      | Found a hide-covered altar of Uskayaw.
  6757 | D:7      | HP: 2/78 [electric eel/bolt of electricity (7)]
  6758 | D:7      | Killed from afar by an electric eel

Illustrated notes

Levels and vault maps discovered:
D:1:      scummos_arrival_simple_fountains, layout_basic, dk_noncrumbling_2
D:2:      layout_loops_corners, grunt_ministairs_2
D:3:      layout_loops_ring, shapermc_ecumenical_altar_flowoftime,
          chequers_big_river, patterned_corridor
D:4:      layout_basic, temple_green, gup_sewer_entry_pipe,
          cheibrodos_gnoll_hut, uniq_ijyb
D:5:      layout_cave_pools, kennysheep_vampire_church,
          mainiacjoe_overflow_brackets
D:6:      layout_gridville
D:7:      kennysheep_slugbush, layout_basic, nemelex_altar_shiori,
          dancing_weapons_uskayaw, mainiacjoe_overflow_surrounded_room
Temple:   compressed_dpeg_triangle_lava_temple

Skill      XL: |  1  2  3  4  5  6  7  8 |
---------------+-------------------------+-----
Axes           | 3 4 5 6 8 |  8.3
Fighting       | 4 5 6 |  6.6
Armour         | 4 5 6 |  6.8
Shields        | 4 5 6 |  6.6
Throwing       | 1 2 3 |  3.8
Invocations    | 1 2 3 |  3.5

Action                   |  1- 3 |  4- 6 |  7- 9 || total
-------------------------+-------+-------+-------++-------
Melee: War axe           |    85 |   166 |   143 ||   394
       Headbutt          |    10 |    19 |    21 ||    50
       Unarmed           |       |     5 |       ||     5
Throw: Boomerang         |       |     5 |       ||     5
Invok: Heroism           |       |       |     1 ||     1
  Use: Scroll            |     2 |     8 |     2 ||    12
       Potion            |       |     2 |     1 ||     3
Armor: Scale mail        |    55 |    94 |       ||   149
       Chain mail        |       |    17 |    85 ||   102
Dodge: Dodged            |    47 |   100 |   113 ||   260
Block: Buckler           |    18 |    35 |    46 ||    99

Table legend: (Time is in decaauts)
 A = Elapsed time spent in this place.
 B = Non-inter-level travel time spent in this place.
 C = Inter-level travel time spent in this place.
 D = Time resting spent in this place.
 E = Time spent auto-exploring this place.
 F = Levels seen in this place.
 G = Mean time per level.
                   A        B        C        D        E       F      G
               +--------+--------+--------+--------+--------+-----+--------+
         Total |   6855 |   6700 |    155 |    673 |   3643 |   9 |  761.7 |
       Dungeon |   6600 |   6445 |    155 |    665 |   3637 |   7 |  942.9 |
        Temple |    130 |    130 |      0 |      0 |      6 |   1 |  130.0 |
         Sewer |    124 |    124 |      0 |      8 |      0 |   1 |  124.0 |
               +--------+--------+--------+--------+--------+-----+--------+

Top non-repeatable levels by time:
     D:4: 1538 daAuts
     D:3: 1256 daAuts
     D:2: 955 daAuts
     D:6: 843 daAuts
     D:1: 755 daAuts
     D:7: 659 daAuts
     D:5: 593 daAuts
  Temple: 130 daAuts
   Sewer: 124 daAuts
